 Dungeon Crawl Stone Soup version 0.24.0-123-gd5b16e6ec5 (webtiles) character file.

Game seed: 17759236085262404468, levelgen mode: deterministic

123 McKennaii the Conjurer (level 4, -5/34 HPs)
             Began as a Draconian Conjurer on Jan 19, 2020.
             Killed by nerve-wracking pain
             ... invoked by an orc priest
              (7 damage)
             ... on level 3 of the Dungeon.
             The game lasted 00:05:42 (3098 turns).

McKennaii the Conjurer (Draconian Conjurer)         Turns: 3098, Time: 00:05:43

Health: -5/34      AC:  6    Str: 11    XL:     4   Next: 79%
Magic:  0/9        EV: 12    Int: 16    God:
Gold:   125        SH:  0    Dex: 11    Spells: 8/9 levels left

rFire    . . .     SeeInvis .   (no weapon)
rCold    . . .     Gourm    +   (no shield)
rNeg     . . .     Faith    .   (armour unavailable)
rPois    +         Spirit   .   (helmet restricted)
rElec    .         Reflect  .   (no cloak)
rCorr    .         Harm     .   (no gloves)
MR       .....                  f - +0 pair of boots
Stlth    ++........             i - amulet of the gourmand
HPRegen  0.11/turn              g - ring of poison resistance
MPRegen  0.11/turn              (no ring)

@: very slightly contaminated, invisible
A: unfitting armour, cold-blooded, AC +5
a: no special abilities


You were on level 3 of the Dungeon.
You were not hungry.

You visited 1 branch of the dungeon, and saw 3 of its levels.

You collected 125 gold pieces.

Inventory:

Armour
 f - a +0 pair of boots (worn)
Jewellery
 c - a +4 ring of dexterity {unknown}
 g - a ring of poison resistance (left hand)
 i - an amulet of the gourmand (around neck)
 j - an uncursed amulet of faith {unknown}
Scrolls
 k - a scroll of immolation {unknown}
Potions
 d - 2 potions of curing {unknown}
 e - a potion of degeneration {unknown}
 h - a potion of brilliance {unknown}
Comestibles
 b - 6 rations


   Skills:
 + Level 0.3 Fighting
 + Level 2.2 Dodging
 + Level 2.1 Stealth
 * Level 3.4 Spellcasting
 + Level 4.9 Conjurations


You had 8 spell levels left.
You knew the following spells:

 Your Spells              Type           Power        Failure   Level  Hunger
a - Magic Dart            Conj           ###.         2%          1    None

Your spell library contained the following spells:

 Spells                   Type           Power        Failure   Level  Hunger
 Searing Ray              Conj           ###...       3%          2    ##.....
 Dazzling Spray           Conj/Hex       ##....       21%         3    ###....
 Iskenderun's Mystic Bla  Conj           ###.....     24%         4    ####...
 Force Lance              Conj/Tloc      ##......     54%         4    ####...
 Fulminant Prism          Conj/Hex       ##........   54%         4    ####...


Dungeon Overview and Level Annotations

Branches:
Dungeon (3/15)

Altars:
Okawaru
Uskayaw


Innate Abilities, Weirdness & Mutations

Your plain brown scales are hard. (AC +5)
You cannot fit into any form of body armour.
You are cold-blooded and may be slowed by cold attacks.


Message History

You hit the orc priest but do no damage.
The orc priest is severely wounded.
You are too injured to fight recklessly!
Casting: Magic Dart (safe; 2% risk of failure)
Confirm with . or Enter, or press ? or * to list all spells.
Aiming: Magic Dart (safe; 2% risk of failure)
Press: ? - help, Shift-Dir - straight line, f/p - orc priest
Aim: an orc priest, wielding a +0 flail and wearing a +0 ring mail (severely wounded, hasn't noticed you)
The magic dart hits the orc priest but does no damage.
The orc priest is severely wounded.
The orc priest shouts!
The orc priest invokes the aid of Beogh against you.
Beogh smites you!
* * * LOW HITPOINT WARNING * * *
You hit the orc priest.
You tail-slap the orc priest, but do no damage.
The orc priest is almost dead.
The orc priest mumbles some strange prayers to Beogh against you.
Pain shoots through your body!
You die...

...# #.#.####.#..##..# ..##
#..............### .##
####...#..###>.....#.o .. ##
###.#..###.......†##. .
#...........#.....# ..
##....##.#.....##.###.#
#####......................
#..........o...##..o.......
#...##....@.....#..........
#...##........#............
#..<####.#########.........
##...###..#### #..#.÷....
#........###.## ##.##.....
####.#.>######...#####o..#.....
#..........##..#.......#.......
#...######.†##..o#####...#.....
#### ##.###.## ##.##)....


You could see an orc priest.

Vanquished Creatures
  4 adders
  An ooze (D:2)
  2 worms (D:2)
  2 dart slugs (D:2)
  2 leopard geckos (D:2)
  3 orcs
  9 bats
  3 giant cockroaches
  6 goblins
  9 hobgoblins
  6 jackals (D:2)
  2 kobolds
  2 frilled lizards (D:1)
  17 rats
68 creatures vanquished.

Notes
Turn   | Place    | Note
-------+----------+-------------------------------------------
     0 | D:1      | McKennaii the Draconian Conjurer began the quest for the
                  | Orb.
     0 | D:1      | Reached XP level 1. HP: 14/14 MP: 3/3
   304 | D:1      | Reached XP level 2. HP: 20/20 MP: 1/5
   972 | D:2      | Reached XP level 3. HP: 25/26 MP: 3/6
  1046 | D:2      | Found an iron altar of Okawaru.
  1967 | D:2      | Reached XP level 4. HP: 33/33 MP: 2/8
  2152 | D:2      | Noticed a +0 dagger
  2152 | D:2      | Noticed a +0 hand axe
  2157 | D:2      | Found a hide-covered altar of Uskayaw.
  3098 | D:3      | Killed from afar by an orc priest

Levels and vault maps discovered:
D:1:      dpeg_arrival_ratfight, layout_rooms
D:2:      layout_loops_cross, dancing_weapons_uskayaw,
          kennysheep_okawaru_gauntlet, first_ration, kennysheep_big_empty_room
D:3:      layout_rooms, chequers_ecumenical_altar_grove, minmay_misc_feat_tower

Skill      XL: |  1  2  3 |
---------------+----------+-----
Stealth        | 2 |  2.1
Dodging        | 2 |  2.2
Spellcasting   | 3 |  3.4
Fighting       | |  0.3
Conjurations   | |  4.9

Action                   |  1- 3 |  4- 6 || total
-------------------------+-------+-------++-------
Melee: Unarmed           |    82 |    13 ||    95
       Tailslap          |     5 |     2 ||     7
 Cast: Magic Dart        |   100 |    76 ||   176
  Use: Scroll            |       |     1 ||     1
       Potion            |       |     1 ||     1
 Stab: Sleeping          |     1 |       ||     1
  Eat: Chunk             |     3 |     7 ||    10
Armor: Skin              |    32 |     8 ||    40
Dodge: Dodged            |    61 |    13 ||    74
